 Dungeon Crawl Stone Soup version 0.28-a0-2-g643f2454ad (webtiles) character file.

Game seed: 1944052845244306302

7031 dolemite99 the Impaler (level 11, -4/75 HPs)
             Began as a Merfolk Fighter on July 23, 2021.
             Was a Priest of Makhleb.
             Slain by a yak (10 damage)
             ... on level 9 of the Dungeon.
             The game lasted 00:16:40 (13555 turns).

dolemite99 the Impaler (Merfolk Fighter)           Turns: 13555, Time: 00:16:41

Health: -4/75      AC: 20    Str: 18    XL:     11   Next: 8%
Magic:  15/15      EV:  6    Int:  9    God:    Makhleb [***...]
Gold:   416        SH:  0    Dex: 14    Spells: 10/10 levels left

rFire   . . .      SeeInvis .   a - +1 trident (vorpal)
rCold   + . .      Faith    +   (no shield)
rNeg    . . .      Spirit   .   G - +0 plate armour
rPois   .          Reflect  .   g - +0 helmet
rElec   .          Harm     .   x - +0 cloak
rCorr   .          Rampage  .   (no gloves)
Will    .....                   k - +2 pair of boots
Stlth   ..........              j - amulet of faith
HPRegen 0.22/turn               y - ring of protection from cold
MPRegen 0.14/turn               (no ring)

@: studying Armour
A: (nimble swimmer 2), mertail
a: Renounce Religion, Minor Destruction, Lesser Servant of Makhleb


You were on level 9 of the Dungeon.
You worshipped Makhleb.
Makhleb was most pleased with you.
You visited 1 branch of the dungeon, and saw 9 of its levels.

You collected 416 gold pieces.

Inventory:

Hand Weapons
 a - a +1 vorpal trident (weapon)
 b - a +0 shortbow
 d - a +0 hunting sling
 A - the +7 sceptre of Torment {pain, torment}
   (You found it on level 4 of the Dungeon)

   In the hands of one skilled in necromantic magic, it inflicts extra damage on
   living creatures.
   It occasionally torments all nearby living foes when it strikes in combat.
 K - a +3 halberd
 L - a +0 trident
 N - a +2 vorpal halberd
 P - a +1 shortbow of freezing
Missiles
 h - 273 arrows
 i - 111 sling bullets
 q - 216 stones
 r - a throwing net
 I - 7 silver boomerangs
 J - 34 poisoned darts (quivered)
Armour
 c - a +0 kite shield
 g - a +0 helmet (worn)
 k - a +2 pair of boots (worn)
 u - a +0 scale mail
 x - a +0 cloak (worn)
 G - a +0 plate armour (worn)
 M - +0 steam dragon scales
Magical Staves
 e - a staff of death
 B - a staff of air
Jewellery
 j - an amulet of faith (around neck)
 w - an amulet of magic regeneration
 y - a ring of protection from cold (left hand)
 z - an amulet of faith
Wands
 s - a wand of flame (22)
Scrolls
 l - a scroll of magic mapping {unknown}
 o - 4 scrolls of identify {unknown}
 p - a scroll of torment {unknown}
 t - 3 scrolls of brand weapon {unknown}
 v - 2 scrolls of summoning {unknown}
 C - 2 scrolls of fog {unknown}
 F - a scroll of holy word
 H - 2 scrolls of teleportation {unknown}
Potions
 f - a potion of degeneration {unknown}
 m - 2 potions of ambrosia {unknown}
 n - 2 potions of mutation {unknown}
 D - a potion of curing
 E - 2 potions of haste {unknown}
 O - 2 potions of attraction {unknown}


   Skills:
 - Level 3.2 Fighting
 + Level 17.6 Polearms
 - Level 9.3 Armour
 - Level 3.0 Shields
 - Level 6.1 Invocations


You had 10 spell levels left.
You didn't know any spells.
Your spell library contained the following spells:

 Spells                   Type           Power      Damage    Failure   Level
 Beastly Appendage        Tmut           0%         N/A       100%        1
 Summon Small Mammal      Summ           0%         N/A       100%        1
 Wereblood                Tmut           0%         N/A       100%        2
 Dazzling Flash           Conj/Hex       0%         N/A       100%        3
 Gell's Gravitas          Tloc           0%         N/A       100%        3
 Lesser Beckoning         Tloc           0%         N/A       100%        3
 Spider Form              Tmut/Pois      0%         N/A       100%        3
 Teleport Other           Tloc           0%         N/A       100%        3
 Agony                    Necr           0%         N/A       100%        5
 Silence                  Hex/Air        0%         N/A       100%        5
 Dispersal                Tloc           0%         N/A       100%        6
 Borgnjor's Revivificati  Necr           0%         N/A       100%        8
 Necromutation            Tmut/Necr      0%         N/A       100%        8
 Death's Door             Necr           0%         N/A       100%        9


Dungeon Overview and Level Annotations

Branches:
Dungeon (9/15)             Temple (0/1) D:4            Lair (0/6) D:9
    Orc: D:9-12

Altars:
Ashenzari
Elyvilon
Kikubaaqudgha
Makhleb
Nemelex Xobeh
Okawaru
Qazlal
Sif Muna
Uskayaw
Vehumet
Wu Jian
Xom

Shops:
D:2 (

Annotations:
D:3 3 runed translucent doors, jr88keys's ghost, amateur OpFi


Innate Abilities, Weirdness & Mutations

((You are quick and stealthy near water. (Stealth+, EV+, Speed+++)))
Your lower body shifts to a powerful aquatic tail in water.


Message History

You completely miss the wyvern.
The wyvern is heavily wounded.
The wyvern bites you but does no damage.
The yak gores your hellwing but does no damage.
Your hellwing hits the yak but does no damage.
Your hellwing hits the yak!
The yak gores your hellwing but does no damage.
The wyvern barely misses you.
The orc warrior hits your hellwing with a +0 flail!
Your hellwing hits the yak.
Your hellwing hits the yak but does no damage.
The yak misses your hellwing.
The orc warrior closely misses your hellwing.
The wyvern bites you but does no damage.
Your hellwing misses something.
Your hellwing barely misses something.
The yak gores your hellwing!
Your hellwing hits the yak! Your hellwing hits the yak.
The yak barely misses your hellwing. The wyvern bites you. The yak gores you.
The wyvern bites you!
The wyvern bites you but does no damage.
Your hellwing hits something! Your hellwing hits something.
Makhleb accepts your kill.
You can now summon a lesser servant of Makhleb.
Reactivating autopickup.
You feel a bit more experienced. Something gores your hellwing.
Your hellwing hits the orc!
The orc dies!
Makhleb accepts your kill. Something closely misses your hellwing.
The wyvern bites you!
* * * LOW HITPOINT WARNING * * *
The orc hits your hellwing but does no damage.
There is a stone staircase leading up here.
The wyvern bites you!
* * * LOW HITPOINT WARNING * * *
The yak gores your hellwing!
Your hellwing hits the yak!
The yak dies!
Makhleb accepts your kill. The wyvern barely misses you. The yak gores you!
You die...

......................#####.))...
.......#..................)..####
.....###..............oo.........
.....####....).......4...o.......
......# #............####........
......# ##..........## #.........
......## #..........# #.........
.......# ##.....Yl.## ...(......
.......# #.....@.## ...........
.......# ###..##.# #...........
.....### #####.## ##....(.....
.......## #..# #..........
........### ##..# ..........#
#...### ..>.......# #.....##
......P...# ##......##
.....P..#)# #........####


You could see a yak, an orc warrior, a wyvern, an orc and a friendly hellwing
(summoned).

Vanquished Creatures
  A boulder beetle (D:9)
  A cyclops (D:8)
  Prince Ribbit (D:7)
  Sigmund (D:2)
  A wyvern (D:9)
  4 yaks (D:9)
  A basilisk (D:9)
  A steam dragon (D:9)
  Menkaure (D:6)
  2 water moccasins
  2 orc warriors
  2 ice beasts
  2 sky beasts
  A necrophage (D:4)
  An ogre (D:5)
  A centaur (D:7)
  3 kobold brigands
  10 wights
  A howler monkey (D:6)
  4 crimson imps (D:6)
  A centaur zombie (D:9)
  3 jellies
  2 hounds
  2 orc priests
  A gnoll shaman (D:7)
  Jessica (D:2)
  3 iguanas
  14 orc wizards
  Natasha (thrice) (D:2)
  A hound skeleton (D:4)
  Robin (D:3)
  14 gnolls
  A howler monkey skeleton (D:7)
  9 adders
  A white imp (D:6)
  2 ufetubi (D:6)
  A dart slug (D:1)
  28 orcs
  6 endoplasms
  4 giant cockroaches
  12 goblins
  5 hobgoblins
  4 jackals
  2 quokkas
  6 ball pythons
  7 bats
  3 frilled lizards
  20 kobolds
  6 rats
204 creatures vanquished.

Vanquished Creatures (collateral kills)
  2 centaur warriors (D:9)
  A cyclops (D:9)
  Maggie (D:7)
  6 yaks (D:9)
  A wyvern (D:9)
  A basilisk (D:9)
  A water moccasin (D:7)
  Duvessa (D:7)
  An orc warrior (D:7)
  A gnoll sergeant (D:8)
  Dowan (D:7)
  4 killer bees (D:8)
  A centaur zombie (D:8)
  A hound (D:7)
  2 iguanas (D:7)
  3 orc wizards
  4 gnolls
  7 orcs
  A kobold (D:9)
40 creatures vanquished.

Vanquished Creatures (others)
  2 orc wizards (D:3)
  2 fungi (D:3)
  2 plants (D:3)
6 creatures vanquished.

Grand Total: 250 creatures vanquished

Notes
Turn   | Place    | Note
-------+----------+-------------------------------------------
     0 | D:1      | dolemite99 the Merfolk Fighter began the quest for the Orb.
     0 | D:1      | Reached XP level 1. HP: 18/18 MP: 1/1
   114 | D:1      | Found a faded altar of an unknown god.
   135 | D:1      | Became a worshipper of Makhleb the Destroyer
   135 | D:1      | Reached * piety under Makhleb
   215 | D:1      | Reached skill level 4 in Polearms
   215 | D:1      | Reached XP level 2. HP: 23/24 MP: 2/2
   687 | D:2      | Reached skill level 5 in Polearms
   687 | D:2      | Reached XP level 3. HP: 7/29 MP: 3/3
   960 | D:2      | Noticed Jessica
  1328 | D:2      | Killed Jessica
  1329 | D:2      | Reached skill level 6 in Polearms
  1329 | D:2      | Reached XP level 4. HP: 14/35 MP: 4/4
  2205 | D:2      | Noticed Sigmund
  2213 | D:2      | Killed Sigmund
  2214 | D:2      | Reached skill level 8 in Polearms
  2214 | D:2      | Reached XP level 5. HP: 10/41 MP: 5/5
  2214 | D:2      | Reached XP level 6. HP: 11/47 MP: 6/6
  2765 | D:2      | Reached skill level 9 in Polearms
  2804 | D:2      | Noticed Natasha
  2805 | D:2      | Found Ciaqal's Antique Weapon Boutique.
  2826 | D:2      | Killed Natasha
  3080 | D:2      | Noticed Natasha
  3093 | D:2      | Killed Natasha
  3329 | D:2      | Noticed Natasha
  3337 | D:2      | Killed Natasha
  3637 | D:3      | Reached ** piety under Makhleb
  3662 | D:3      | Noticed Robin
  3689 | D:3      | Killed Robin
  3697 | D:3      | Reached skill level 10 in Polearms
  4340 | D:3      | Reached XP level 7. HP: 39/52 MP: 7/7
  4694 | D:3      | Reached *** piety under Makhleb
  4763 | D:3      | Reached skill level 1 in Invocations
  5104 | D:3      | Found an ancient bone altar of Kikubaaqudgha.
  5106 | D:3      | Found a shimmering blue altar of Sif Muna.
  5113 | D:3      | Got Sif Muna's Compendium of Slavery
  5122 | D:3      | Found a radiant altar of Vehumet.
  5283 | D:3      | Found a runed translucent gate.
  5283 | D:3      | Found a runed translucent gate.
  5284 | D:3      | Found a runed translucent gate.
  5286 | D:3      | Noticed jr88keys's ghost (amateur OpFi)
  5540 | D:4      | Found the +7 sceptre of Torment {pain, torment}
  5542 | D:4      | Found a white marble altar of Elyvilon.
  5542 | D:4      | Found a broken altar of Ashenzari.
  5554 | D:4      | Found a hide-covered altar of Uskayaw.
  5556 | D:4      | Found an iron altar of Okawaru.
  5557 | D:4      | Found a stormy altar of Qazlal.
  5988 | D:4      | Found Ziubbeic's Jewellery Shop.
  6012 | D:4      | Found a staircase to the Ecumenical Temple.
  6594 | D:5      | Entered Level 5 of the Dungeon
  6663 | D:4      | Reached skill level 5 in Invocations
  7155 | D:5      | Reached XP level 8. HP: 53/56 MP: 11/11
  7405 | D:5      | Identified a scroll of acquirement
  7405 | D:5      | Acquired a manual of Armour
  7593 | D:5      | Reached **** piety under Makhleb
  8152 | D:6      | Reached skill level 5 in Armour
  8237 | D:6      | Noticed Menkaure
  8246 | D:6      | Killed Menkaure
  8281 | D:6      | Found a shimmering altar of Xom.
  8305 | D:6      | Reached XP level 9. HP: 64/64 MP: 13/13
  8305 | D:6      | Found an ornate altar of the Wu Jian Council.
  8338 | D:6      | Reached ***** piety under Makhleb
  8936 | D:6      | Reached skill level 11 in Polearms
  9185 | D:6      | Found a sparkling altar of Nemelex Xobeh.
  9697 | D:7      | Noticed Duvessa
  9708 | D:7      | Killed Duvessa
  9710 | D:7      | Noticed Dowan
  9713 | D:7      | Killed Dowan
 10176 | D:7      | Noticed Prince Ribbit
 10187 | D:7      | Reached skill level 12 in Polearms
 10195 | D:7      | Noticed Maggie
 10520 | D:7      | Killed Maggie
 11021 | D:7      | Killed Prince Ribbit
 11022 | D:7      | Reached skill level 13 in Polearms
 11242 | D:8      | Reached XP level 10. HP: 70/70 MP: 14/14
 11281 | D:8      | Noticed a two-headed ogre
 11288 | D:8      | Noticed a cyclops
 11302 | D:8      | Killed a cyclops
 11684 | D:8      | Reached skill level 14 in Polearms
 12272 | D:9      | Reached skill level 15 in Polearms
 12322 | D:9      | Found a staircase to the Lair.
 12619 | D:9      | Noticed a centaur warrior
 12631 | D:9      | Killed a centaur warrior
 12754 | D:9      | Noticed a centaur warrior
 12796 | D:9      | Killed a centaur warrior
 12797 | D:9      | Reached skill level 16 in Polearms
 12993 | D:9      | Noticed a boulder beetle
 13012 | D:9      | Noticed a cyclops
 13024 | D:9      | Killed a cyclops
 13033 | D:9      | Killed a boulder beetle
 13257 | D:9      | Reached skill level 17 in Polearms
 13257 | D:9      | Reached XP level 11. HP: 75/75 MP: 15/15
 13555 | D:9      | Slain by a yak

Illustrated notes

Levels and vault maps discovered:
D:1:      heliophobic_arrival_battle_scene, layout_rooms,
          hellmonk_ecumenical_altar_run_dry, minmay_misc_feat_chi,
          minmay_crystal_room, nrook_campfire
D:2:      layout_basic, serial_shops, nicolae_shop_waterfront, uniq_sigmund,
          uniq_natasha, uniq_jessica
D:3:      layout_loops_ring, palyth_temple_overflow_mages,
          gammafunk_ghost_nasty_kobolds, uniq_robin
D:4:      layout_basic, grunt_temple_overflow_open, minmay_temple_entry_slanted,
          serial_shops, shop
D:5:      layout_rooms, kennysheep_another_room
D:6:      layout_basic, lemuel_round_altar, nemelex_xobeh_ov_fountains_minmay,
          led_xom_imps, uniq_menkaure
D:7:      layout_layer_cave, minmay_fountain_box, uniq_prince_ribbit1,
          uniq_maggie, uniq_duvessa
D:8:      kennysheep_spiral_hall, layout_rooms
D:9:      layout_cave_pods, david_lair_generic, kb_rosetta

Skill      XL: |  1  2  3  4  5  6  7  8  9 10 |
---------------+-------------------------------+-----
Polearms       | 4 5 6 8 10 13 17 | 17.6
Invocations    | 5 6 |  6.1
Armour         | 7 9 |  9.3
Fighting       | |  3.2
Shields        | |  3.0

Action                   |  1- 3 |  4- 6 |  7- 9 | 10-12 || total
-------------------------+-------+-------+-------+-------++-------
Melee: Trident           |    85 |    65 |    27 |   103 ||   280
       Halberd           |       |    76 |   364 |    16 ||   456
 Fire: Shortbow          |       |       |     7 |       ||     7
Throw: Stone             |       |     6 |    15 |       ||    21
       Dart              |       |       |    73 |    35 ||   108
Invok: Minor Destruction |       |       |    43 |    11 ||    54
       Lesser Servant of |       |       |    11 |    25 ||    36
  Use: Potion            |       |     3 |     2 |     3 ||     8
       Scroll            |       |       |     6 |     1 ||     7
 Stab: Distracted        |       |       |       |     1 ||     1
Armor: Scale mail        |    38 |    49 |    87 |       ||   174
       Skin              |       |    27 |       |       ||    27
       Plate armour      |       |       |   162 |    64 ||   226
Dodge: Dodged            |    26 |    71 |    91 |    22 ||   210
Block: Kite shield       |    12 |       |       |       ||    12

Table legend: (Time is in decaauts)
 A = Elapsed time spent in this place.
 B = Non-inter-level travel time spent in this place.
 C = Inter-level travel time spent in this place.
 D = Time resting spent in this place.
 E = Time spent auto-exploring this place.
 F = Levels seen in this place.
 G = Mean time per level.
                   A        B        C        D        E       F      G
               +--------+--------+--------+--------+--------+-----+--------+
         Total |  13507 |  13139 |    368 |   4552 |   6257 |   9 | 1500.8 |
       Dungeon |  13507 |  13139 |    368 |   4552 |   6257 |   9 | 1500.8 |
               +--------+--------+--------+--------+--------+-----+--------+

Top non-repeatable levels by time:
     D:1: 1908 daAuts
     D:7: 1767 daAuts
     D:3: 1766 daAuts
     D:2: 1745 daAuts
     D:4: 1703 daAuts
     D:9: 1509 daAuts
     D:6: 1451 daAuts
     D:5: 878 daAuts
     D:8: 777 daAuts
